 Dungeon Crawl Stone Soup version 0.30-a0-6-g7c9e10e132 (webtiles) character file.

Game seed: 2200031177715470381

330 Setbun the Basher (level 6, 0/51 HPs)
             Began as a Minotaur Fighter on Aug 22, 2022.
             Was an Initiate of Okawaru.
             Slain by Grinder (5 damage)
             ... on level 4 of the Dungeon.
             The game lasted 00:03:46 (3359 turns).

Setbun the Basher (Minotaur Fighter)                Turns: 3359, Time: 00:03:46

Health: 0/51       AC:  8    Str: 23    XL:     6   Next: 26%
Magic:  5/5        EV:  9    Int:  5    God:    Okawaru [......]
Gold:   127        SH:  4    Dex:  9    Spells: 5/5 levels left

rFire   . . .      SeeInvis .    a - +0 flail
rCold   . . .      Faith    .    c - +0 buckler
rNeg    . . .      Spirit   .    b - +0 scale mail
rPois   .          Reflect  .    (helmet restricted)
rElec   .          Harm     .    (no cloak)
rCorr   .          Rampage  .    p - +0 pair of gloves
Will    .....                    (no boots)
Stlth   ..........               (no amulet)
HPRegen 0.17/turn                (no ring)
MPRegen 0.09/turn                (no ring)

@: about to teleport
A: horns 2, retaliatory headbutt
a: Renounce Religion


You were on level 4 of the Dungeon.
You worshipped Okawaru.
Okawaru was noncommittal.
You visited 2 branches of the dungeon, and saw 5 of its levels.

You collected 127 gold pieces.

Inventory:

Hand Weapons
 a - a +0 flail (weapon)
Armour
 b - a +0 scale mail (worn)
 c - a +0 buckler (worn)
 p - a +0 pair of gloves (worn)
Jewellery
 r - a ring of see invisible
Scrolls
 e - 4 scrolls of identify
 f - a scroll of teleportation
 j - a scroll of immolation
 k - a scroll of vulnerability
 o - a scroll of noise
Potions
 d - 2 potions of might
 h - 2 potions of brilliance {unknown}
 l - a potion of mutation {unknown}
 m - a potion of haste {unknown}
 s - a potion of curing {unknown}
 t - a potion of lignification {unknown}
 u - a potion of cancellation {unknown}
 v - a potion of resistance {unknown}


   Skills:
 - Level 3.6 Fighting
 * Level 8.1 Maces & Flails
 - Level 3.6 Armour
 - Level 3.6 Shields


You had 5 spell levels left.
You didn't know any spells.
Your spell library contained the following spells:

 Spells                   Type           Power      Damage    Failure   Level
 Poisonous Vapours        Pois/Air       0%         N/A       95%         2
 Agony                    Necr           0%         N/A       100%        5
 Borgnjor's Revivificati  Necr           0%         N/A       100%        8
 Animate Dead             Necr           Unusable   N/A       N/A         4

Dungeon Overview and Level Annotations

Branches:
Dungeon (4/15)             Temple (1/1) D:4

Altars:
Ashenzari
Elyvilon
Fedhas
Hepliaklqana
Kikubaaqudgha
Okawaru
Ru
Sif Muna
Trog
Uskayaw
Wu Jian
Yredelemnul
Zin
The Shining One

Annotations:
D:4 Grinder


Innate Abilities, Weirdness & Mutations

You have a pair of horns on your head.
You reflexively headbutt those who attack you in melee.


Message History

An orc comes into view. It is wielding a +0 short sword.
An orc priest comes into view. It is wielding a +0 club.
The giant cockroach barely misses you.
You closely miss the giant cockroach.
The orc shouts!
You headbutt the giant cockroach.
You kill the giant cockroach!
Okawaru accepts your kill.
An orc comes into view. It is wielding a +0 mace of holy wrath.
You sock the orc!
You kill the orc!
Okawaru accepts your kill.
Unknown command.
Grinder comes into view.
You see here a +0 war axe.
The orc priest hits you but does no damage.
The orc priest attacks as you move away!
You block the orc priest's attack.
A kobold comes into view. It is wielding a +0 short sword.
You block the orc's attack. The orc attacks as you move away!
You block the orc's attack.
The kobold shouts!
The kobold throws a stone.
The stone hits you but does no damage. The orc hits you but does no damage.
The orc priest attacks as you move away!
The orc priest hits you but does no damage.
The orc attacks as you move away! The orc barely misses you.
The orc priest mumbles some strange prayers to Beogh against you.
Pain shoots through your body!
As you read the scroll of teleportation, it crumbles to dust.
You feel strangely unstable. The orc barely misses you.
You furiously retaliate!
You headbutt the orc!
You kill the orc!
Okawaru accepts your kill. The orc barely misses you.
The orc priest calls down the wrath of Beogh upon you.
Beogh smites you!
* * * LOW HITPOINT WARNING * * *
Grinder attacks as you move away! Grinder hits you.
You die...

......... #.......
##...... #########...K#
#............#
#......).....#######
...#...........)......#
..........##...o5o....#
....###..####...@....##
... #..# ##......## #
###..######..###....
#....#......... ....
###.)..#......... ...
#........#8###8## ##
#.#...>..#######
###.[.#........
#.....†..$.#.##


You could see Grinder, an orc priest, an orc and a kobold.

Vanquished Creatures
  3 orc priests
  An iguana (D:4)
  2 orc wizards (D:4)
  Robin (D:2)
  5 adders
  4 worms
  A dart slug (D:4)
  5 orcs
  4 ball pythons
  5 bats
  8 endoplasms
  5 giant cockroaches
  14 goblins
  14 hobgoblins
  2 jackals (D:2)
  7 kobolds
  2 quokkas
  2 frilled lizards (D:3)
  6 rats
91 creatures vanquished.

Vanquished Creatures (others)
  8 plants (D:1)
8 creatures vanquished.

Grand Total: 99 creatures vanquished

Notes
Turn   | Place    | Note
-------+----------+-------------------------------------------
     0 | D:1      | Setbun the Minotaur Fighter began the quest for the Orb.
     0 | D:1      | Reached XP level 1. HP: 19/19 MP: 0/0
    29 | D:1      | Reached skill level 3 in Maces & Flails
   175 | D:1      | Reached XP level 2. HP: 26/26 MP: 1/1
   439 | D:1      | Reached skill level 4 in Maces & Flails
   605 | D:1      | Found a faded altar of an unknown god.
   609 | D:1      | Reached XP level 3. HP: 31/31 MP: 2/2
  1080 | D:2      | Reached skill level 5 in Maces & Flails
  1417 | D:2      | Reached XP level 4. HP: 39/39 MP: 3/3
  1680 | D:3      | Noticed Robin
  1948 | D:2      | Killed Robin
  1949 | D:2      | Reached skill level 6 in Maces & Flails
  2327 | D:3      | Reached XP level 5. HP: 33/45 MP: 4/4
  2452 | D:3      | Found a blossoming altar of Fedhas.
  2473 | D:3      | Reached skill level 7 in Maces & Flails
  2755 | D:3      | Got the Lessons on the Lungs and Exhumation
  2975 | D:4      | Found a staircase to the Ecumenical Temple.
  2982 | D:4      | Reached XP level 6. HP: 17/51 MP: 5/5
  2992 | D:4      | Reached skill level 8 in Maces & Flails
  3001 | Temple   | Entered the Ecumenical Temple
  3284 | Temple   | Became a worshipper of Warmaster Okawaru
  3349 | D:4      | Noticed Grinder
  3359 | D:4      | Slain by Grinder

Illustrated notes

Levels and vault maps discovered:
D:1:      lemuel_arrival_broad_hall, layout_loops_ring, serial_bayou,
          serial_bayou_lagoon_a, serial_bayou_crossing, serial_bayou_pond_b,
          serial_bayou_pond_e, hellmonk_ecumenical_altar_arch_garden
D:2:      layout_rooms, minivault_19
D:3:      layout_basic, mainiacjoe_overflow_concentric_impassable, uniq_robin
D:4:      layout_rooms, minmay_temple_entry_stoned_glass, portal_sewer_entry_d,
          serial_corexii_hall, chequers_hall_statues_wall_a,
          chequers_hall_statues_wall_a, chequers_hall_statues_y,
          corexii_hall_statues_u, serial_shops, shop, uniq_crazy_yiuf_cottage,
          uniq_menkaure, uniq_grinder
Temple:   oiseaux_autumnal_temple

Skill      XL: |  1  2  3  4  5  6 |
---------------+-------------------+-----
Maces & Flails | 3 4 5 6 7 8 |  8.1
Fighting       | |  3.6
Armour         | |  3.6
Shields        | |  3.6

Action                   |  1- 3 |  4- 6 || total
-------------------------+-------+-------++-------
Melee: Flail             |    75 |   112 ||   187
       Headbutt          |    11 |    16 ||    27
  Use: Scroll            |       |     9 ||     9
       Potion            |       |     1 ||     1
Armor: Scale mail        |    38 |    63 ||   101
Dodge: Dodged            |    20 |    73 ||    93
Block: Buckler           |    14 |    34 ||    48

Table legend: (Time is in decaauts)
 A = Elapsed time spent in this place.
 B = Non-inter-level travel time spent in this place.
 C = Inter-level travel time spent in this place.
 D = Time resting spent in this place.
 E = Time spent auto-exploring this place.
 F = Levels seen in this place.
 G = Mean time per level.
                   A        B        C        D        E       F      G
               +--------+--------+--------+--------+--------+-----+--------+
         Total |   3408 |   3259 |    149 |    752 |   1982 |   5 |  681.6 |
       Dungeon |   3090 |   3017 |     73 |    752 |   1750 |   4 |  772.5 |
        Temple |    318 |    243 |     75 |      0 |    231 |   1 |  318.0 |
               +--------+--------+--------+--------+--------+-----+--------+

Top non-repeatable levels by time:
     D:2: 1319 daAuts
     D:1: 878 daAuts
     D:3: 812 daAuts
  Temple: 318 daAuts
     D:4: 80 daAuts
